Map: Ever Dream LE

Players

garlicnaan

  • Race: Terran Terran
  • League: Silver
  • Spawn Location: 7:00

Throwfordays - Winner!

  • Race: Zerg Zerg
  • League: Silver
  • Spawn Location: 1:00

VOD

Have the link to the VOD?

Description

Time

  • Played on: July 20, 2020, 4:06 a.m.
  • Length: 7:27
Show
View Real Time Build Order
Export as new Build Order

garlicnaan Terran 

Build Orders:  

Get SALT Encoding   

  12  0:01  SCV  
  13  0:14  Supply Depot  
  13  0:18  SCV  
  14  0:31  SCV  
  14  0:33  Supply Depot  
  15  0:43  Refinery, SCV  
  16  0:55  SCV  
  17  1:00  Barracks  
  17  1:07  SCV  
  18  1:19  SCV  
  18  1:21  Refinery  
  19  1:28  Engineering Bay  
  19  1:31  SCV  
  20  1:43  SCV  
  21  1:51  Factory  
  21  1:55  SCV  
  21  2:01  Barracks Reactor  
  22  2:14  Supply Depot  
  22  2:20  Orbital Command  
  22  2:38  Starport  
  22  2:45  Marine  
  22  2:46  Marine  
  24  2:55  Supply Depot  
  24  3:03  Marine x2, Terran Infantry Weapons Level 1, Factory Tech Lab  
  26  3:18  Supply Depot  
  26  3:21  Marine x2  
  26  3:25  Starport Tech Lab  
  28  3:39  Marine  
  29  3:44  Fusion Core  
  29  3:52  SCV  
  30  4:19  Bunker  
  30  4:21  Barracks Reactor  
  27  4:34  Bunker  
    5:48  Orbital Command  
Show
View Real Time Build Order
Export as new Build Order

Throwfordays Zerg - Winner!

Build Orders: Hatch First, Zergling Baneling 

Get SALT Encoding   

  12  0:01  Drone  
  13  0:13  Overlord  
  13  0:20  Drone  
  14  0:42  Hatchery  
  13  0:45  Drone  
  13  0:49  Drone  
  15  0:53  Drone  
  16  1:09  Spawning Pool  
  15  1:13  Drone  
  15  1:18  Drone  
  17  1:20  Drone  
  18  1:26  Extractor  
  18  1:30  Drone  
  18  1:40  Drone  
  19  1:55  Overlord  
  19  1:56  Queen  
  19  1:58  Queen  
  19  1:59  Drone  
  24  2:03  Zergling x2  
  24  2:07  Zergling x2  
  26  2:25  Drone  
  26  2:28  Drone x2  
  29  2:32  Metabolic Boost  
  29  2:48  Baneling Nest, Drone  
  29  2:51  Zergling x2  
  30  2:54  Zergling x6  
  33  3:09  Zergling x4  
  33  3:10  Zergling x2  
  33  3:11  Overlord  
  36  3:15  Overlord x2  
  36  3:32  Baneling  
  36  3:33  Baneling x3  
  36  3:35  Zergling x6  
  36  3:37  Zergling x6  
  42  3:42  Zergling x6  
  42  3:46  Baneling  
  42  3:47  Baneling  
  40  4:05  Baneling  
  40  4:06  Baneling  
  40  4:11  Extractor  
  40  4:12  Zergling x2  
  40  4:13  Zergling x8  
  40  4:16  Zergling x6  
  42  5:19  Lair  
  42  5:20  Drone x2  
  42  5:21  Drone  
  45  5:22  Drone  
  45  5:25  Drone x6  
  52  6:13  Extractor  
  52  6:16  Extractor  
  50  6:39  Spire  
  49  6:41  Drone x2  
  49  6:42  Drone  
  49  6:43  Drone x3  
  55  6:54  Overseer  
Tags
 
Matchup
TvZ
Replay Pack
Multiplayer
Spawn Locations
Cross Positions
Add a new tag
Caveats
  • Supply blocks, unpowered buildings, or Contaminate may cause inaccurate times.
  • Supply counts are checked every 10 seconds.